[ AOE2 MATCH · #481193334 ]
UnrankedCumans vs Wu
[ REPLAY ANALYSIS · EXTRACTED FROM THE RECORDED GAME ]
Feudal
—
Castle
—
Imperial
—
| APM avg | 20.5 |
| APM peak | 28 |
| eAPM avg | 13.9 |
| Villagers / military | 16 / 5 |
Focus
⚔️ 17.9% · 🌾 82.1%
Archer ×5
Feudal
—
Castle
—
Imperial
—
| APM avg | 17.3 |
| APM peak | 24 |
| eAPM avg | 9.9 |
| Villagers / military | 0 / 16 |
Focus
⚔️ 58.8% · 🌾 41.2%
Militia ×16
Feudal
—
Castle
—
Imperial
—
| APM avg | 29.6 |
| APM peak | 47 |
| eAPM avg | 16.9 |
| Villagers / military | 8 / 15 |
Focus
⚔️ 48.5% · 🌾 51.5%
Militia ×13 · Spearman ×2
Feudal
—
Castle
—
Imperial
—
| APM avg | 18.5 |
| APM peak | 24 |
| eAPM avg | 14.5 |
| Villagers / military | 13 / 14 |
Focus
⚔️ 36.2% · 🌾 63.8%
Militia ×14
Match map
Initial resources + every placement click. Lines = walls · curves = elevation contours. ◆ gold · ⬟ stone · ● berries · ✦ relic · ◌ wall gap
Your base
DemoniS's base
RoscoeBrown's base
age2empiress's base
Smoothed initial terrain · ◌ = detected wall gap · hover for details
Inputs per minute
— VPs - - DemoniS
Build order — VPs
36 actions detected in the replay
| 0:03 | Create | Villager (Male) |
| 0:03 | Create | Villager (Male) |
| 0:11 | Research | Double-Bit Axe |
| 0:45 | Create | Villager (Male) |
| 0:51 | Build | House |
| 1:08 | Create | Villager (Male) |
| 1:34 | Build | Town Center |
| 1:40 | Create | Villager (Male) |
| 1:50 | Create | Villager (Male) |
| 1:59 | Create | Villager (Male) |
| 2:12 | Build | House |
| 2:16 | Build | House |
| 2:18 | Build | Palisade Wall |
| 2:25 | Build | House |
| 2:26 | Build | Palisade Wall |
| 2:29 | Create | Villager (Male) |
| 2:40 | Build | Archery Range |
| 2:43 | Create | Villager (Male) |
| 2:52 | Create | Villager (Male) |
| 2:52 | Create | Villager (Male) |
| 3:02 | Build | House |
| 3:10 | Build | Lumber Camp |
| 3:26 | Create | Villager (Male) |
| 3:29 | Research | Fletching |
| 3:36 | Build | Archery Range |
| 4:01 | Create | Archer |
| 4:02 | Create | Archer |
| 4:13 | Build | House |
| 4:16 | Build | House |
| 4:23 | Create | Villager (Male) |
| 4:23 | Create | Villager (Male) |
| 4:24 | Create | Archer |
| 4:25 | Create | Archer |
| 4:32 | Create | Villager (Male) |
| 4:33 | Create | Villager (Male) |
| 4:38 | Create | Archer |
Build order — DemoniS
28 actions detected in the replay
| 0:06 | Build | House |
| 0:23 | Build | Barracks |
| 0:28 | Research | Man-at-Arms (upgrade) |
| 0:28 | Research | Arson |
| 0:38 | Build | House |
| 0:39 | Build | House |
| 0:40 | Build | House |
| 0:59 | Create | Militia |
| 1:00 | Create | Militia |
| 1:04 | Create | Militia |
| 1:05 | Create | Militia |
| 1:42 | Create | Militia |
| 1:42 | Create | Militia |
| 1:58 | Create | Militia |
| 2:02 | Create | Militia |
| 2:06 | Build | House |
| 2:07 | Build | House |
| 2:18 | Create | Militia |
| 2:38 | Create | Militia |
| 2:39 | Create | Militia |
| 3:05 | Create | Militia |
| 3:06 | Create | Militia |
| 3:47 | Create | Militia |
| 3:47 | Create | Militia |
| 3:54 | Create | Militia |
| 4:07 | Research | Gold Mining |
| 4:14 | Research | Wheelbarrow |
| 4:33 | Build | Archery Range |
Build order — RoscoeBrown
39 actions detected in the replay
| 0:00 | Create | Villager (Male) |
| 0:01 | Create | Villager (Male) |
| 0:01 | Create | Villager (Male) |
| 0:08 | Build | Barracks |
| 0:12 | Build | House |
| 0:13 | Create | Militia |
| 0:41 | Research | Man-at-Arms (upgrade) |
| 0:47 | Build | House |
| 0:48 | Create | Villager (Male) |
| 0:55 | Build | Palisade Gate |
| 1:20 | Create | Villager (Male) |
| 1:23 | Create | Militia |
| 1:26 | Build | House |
| 1:29 | Build | House |
| 1:31 | Build | Palisade Wall |
| 1:53 | Create | Spearman |
| 1:53 | Create | Spearman |
| 1:58 | Create | Militia |
| 1:58 | Create | Militia |
| 2:10 | Build | House |
| 2:12 | Create | Militia |
| 2:23 | Create | Villager (Male) |
| 2:25 | Build | Mill |
| 2:28 | Build | Pasture |
| 2:29 | Build | Pasture |
| 2:31 | Create | Villager (Male) |
| 2:59 | Build | Pasture |
| 3:06 | Create | Villager (Male) |
| 3:15 | Research | Forging |
| 3:27 | Create | Militia |
| 3:27 | Create | Militia |
| 3:32 | Build | Watch Tower |
| 3:37 | Create | Militia |
| 3:38 | Create | Militia |
| 3:44 | Build | Barracks |
| 4:02 | Create | Militia |
| 4:02 | Create | Militia |
| 4:24 | Create | Militia |
| 4:25 | Create | Militia |
Build order — age2empiress
44 actions detected in the replay
| 0:01 | Create | Villager (Male) |
| 0:13 | Research | Man-at-Arms (upgrade) |
| 0:18 | Build | Barracks |
| 0:38 | Create | Villager (Male) |
| 0:40 | Create | Villager (Male) |
| 0:49 | Create | Militia |
| 1:11 | Create | Villager (Male) |
| 1:15 | Build | House |
| 1:16 | Build | House |
| 1:17 | Build | House |
| 1:19 | Create | Militia |
| 1:31 | Create | Militia |
| 1:40 | Create | Villager (Male) |
| 1:43 | Create | Militia |
| 1:44 | Create | Militia |
| 1:56 | Build | Mill |
| 1:58 | Create | Villager (Male) |
| 2:08 | Create | Militia |
| 2:12 | Build | House |
| 2:15 | Build | House |
| 2:19 | Build | House |
| 2:23 | Create | Villager (Male) |
| 2:46 | Research | Scale Mail Armor |
| 2:47 | Create | Militia |
| 2:47 | Create | Militia |
| 2:57 | Create | Villager (Male) |
| 3:03 | Build | Watch Tower |
| 3:19 | Create | Villager (Male) |
| 3:20 | Create | Militia |
| 3:20 | Create | Militia |
| 3:35 | Create | Militia |
| 3:59 | Create | Villager (Male) |
| 4:04 | Build | Farm |
| 4:04 | Build | Farm |
| 4:05 | Build | Farm |
| 4:05 | Build | Farm |
| 4:06 | Build | Farm |
| 4:06 | Build | Farm |
| 4:08 | Create | Villager (Male) |
| 4:13 | Create | Militia |
| 4:23 | Create | Villager (Male) |
| 4:31 | Create | Militia |
| 4:33 | Create | Militia |
| 4:58 | Create | Villager (Male) |
Match timeline
| 0:08 | RoscoeBrown · first_building Barracks |
| 0:18 | age2empiress · first_building Barracks |
| 0:23 | DemoniS · first_building Barracks |
| 1:31 | RoscoeBrown · wall_segment Palisade Wall x1 |
| 2:18 | VPs · wall_segment Palisade Wall x1 |
| 2:26 | VPs · wall_segment Palisade Wall x1 |
| 2:40 | VPs · first_building Archery Range |
| 4:33 | DemoniS · first_building Archery Range |
| 4:55 | VPs · resign |
[ AI ANALYSIS · 1 CREDIT ]
What really happened in this match?
Wolo.gg analyzes every decision: build order, eco, micro, common mistakes by bracket. Personalized analysis on WhatsApp or Discord in 30 seconds.
Civ guide
Cumans
Perfil
Jugador #1282004